 Dungeon Crawl Stone Soup version 0.25-a0-248-g18654cfe15 (webtiles) character file.

Game seed: 78715779429342363, levelgen mode: deterministic

7744 Gargoyl the Cleaver (level 11, -1/90 HPs)
             Began as a Centaur Abyssal Knight on Dec 3, 2019.
             Was an Elder of Lugonu.
             Succumbed to a killer bee's poison
             ... on level 10 of the Dungeon on Dec 4, 2019.
             The game lasted 00:19:47 (11607 turns).

Gargoyl the Cleaver (Centaur Abyssal Knight)       Turns: 11607, Time: 00:19:48

Health: -1/90      AC: 22    Str: 16    XL:     11   Next: 0%
Magic:  16/16      EV:  5    Int: 16    God:    Lugonu [****..]
Gold:   636        SH:  0    Dex: 13    Spells: 10/10 levels left

rFire    . . .     SeeInvis .   i - +0 broad axe (venom)
rCold    . . .     Gourm    .   (no shield)
rNeg     . . .     Faith    .   x - +3 plate armour
rPois    .         Spirit   .   d - +0 helmet
rElec    .         Reflect  .   s - +2 cloak
rCorr    .         Harm     .   r - +2 pair of gloves
MR       .....                  (no barding)
Stlth    ..........             E - amulet of rage
HPRegen  0.00/turn              b - +5 ring of intelligence
MPRegen  0.15/turn              (no ring)

@: lethally poisoned (-1 -> -11), berserk cooldown, fainting, slowed
A: large, hooves 3, agile 1, deformed body, speed 2, inhibited regeneration,
tough skin 3, subdued magic 1
a: Depart the Abyss, Bend Space, Banish, Corrupt, Renounce Religion, Evoke
Berserk Rage


You were on level 10 of the Dungeon.
You worshipped Lugonu.
Lugonu was greatly pleased with you.
You were fainting.

You visited 1 branch of the dungeon, and saw 10 of its levels.
You visited the Abyss 1 time.

You collected 636 gold pieces.

Inventory:

Hand Weapons
 a - a +1 hand axe
 g - a +0 war axe
 i - a +0 broad axe of venom (weapon)
Missiles
 o - 11 boomerangs
 u - 2 javelins (quivered)
Armour
 d - a +0 helmet (worn)
 r - a +2 pair of gloves (worn)
 s - a +2 cloak (worn)
 x - a +3 plate armour (worn)
Jewellery
 b - a +5 ring of intelligence (left hand)
 E - an amulet of rage (around neck)
Wands
 f - a wand of digging (8)
 h - a wand of acid (19)
 p - a wand of disintegration (9)
 A - a wand of enslavement (3)
 D - a wand of iceblast (9)
Scrolls
 k - a scroll of fear
 l - 2 scrolls of identify
 t - 3 scrolls of remove curse
 w - a scroll of magic mapping
 y - a scroll of fog
Potions
 e - a potion of cancellation
 j - 2 potions of agility
 m - 2 potions of haste
 n - 2 potions of brilliance
 z - 2 potions of flight
 B - a potion of resistance
Comestibles
 c - 9 rations


   Skills:
 + Level 6.3 Fighting
 + Level 8.3 Axes
 + Level 1.0 Throwing
 * Level 7.6 Armour
 * Level 5.0 Dodging
 * Level 7.2 Invocations
 + Level 0.4 Evocations


You had 10 spell levels left.
You didn't know any spells.
Your spell library contained the following spells:

 Spells                   Type           Power        Failure   Level  Hunger
 Beastly Appendage        Tmut           #.....       100%        1    ##.....
 Sticks to Snakes         Tmut           #.......     100%        2    ###....
 Spider Form              Tmut/Pois      #.........   100%        3    ####...
 Ice Form                 Ice/Tmut       #.......     100%        4    #####..
 Blade Hands              Tmut           #.........   100%        5    ######.


Dungeon Overview and Level Annotations

Branches:
Dungeon (10/15)            Temple (0/1) D:5            Lair (0/6) D:9
    Orc: D:9-12

Altars:
Elyvilon
Fedhas
Nemelex Xobeh


Innate Abilities, Weirdness & Mutations

You have hooves in place of feet.
Armour fits poorly on your strangely shaped body.
You cover ground very quickly.
You have extremely tough skin. (AC +3)
You are agile. (Dex +2)
You do not regenerate when monsters are visible.
Your spells are a little easier to cast, but a little less powerful.


Message History

You are fainting from starvation!
You miss the hungry ghost.
You are no longer berserk.
You are exhausted.
You feel yourself slow down.
* * * LOW HITPOINT WARNING * * *
You feel sick. The hungry ghost hits you.
You feel slightly more hungry.
You miss the hungry ghost.
* * * LOW HITPOINT WARNING * * *
You feel sick. The hungry ghost hits you.
You feel slightly more hungry.
You miss the hungry ghost.
* * * LOW HITPOINT WARNING * * *
You feel sick. The hungry ghost barely misses you. The hungry ghost hits you.
You feel slightly more hungry.
Unknown command.
Okay, then.
Okay, then.
You hit the hungry ghost but do no damage.
Your kick misses the hungry ghost.
You die...

######<# ######...##.#
#........##.# #.####<#.##.#
#.#########.# #########
#.#.......#.###........
########.#.#####.#............
.......#.#.# #.#####.ยง.........
.#####.#.#.# #@# #...........
.#####)#...#####W#####...........
...................W..)....... ..
.................##########.## #
######.#########.# ##### .......#
#.# ...o ########
#.###############
#.##............#
#.##............##


You could see a hungry ghost.

Vanquished Creatures
  3 death yaks
  Nergalle (D:10)
  A dream sheep (D:10)
  A hippogriff (D:9)
  Sigmund (D:2)
  4 yaks (D:10)
  A steam dragon (D:9)
  2 hungry ghosts
  Menkaure (D:7)
  A porcupine (D:9)
  An orc warrior (D:7)
  An ice beast (D:8)
  5 ogres
  2 sky beasts
  A black bear (D:8)
  A necrophage (D:5)
  2 centaurs (D:7)
  A big kobold (D:10)
  3 bullfrogs
  3 scorpions
  8 killer bees
  3 howler monkeys (D:7)
  3 crimson imps
  A quasit (D:8)
  2 centaur zombies
  Crazy Yiuf (D:3)
  2 orc priests
  8 hounds
  3 centaur skeletons
  9 orc wizards
  2 iguanas
  6 worker ants
  2 river rats (D:9)
  10 adders
  2 shadow imps (D:7)
  3 oozes
  An adder zombie (D:10)
  2 adder skeletons
  5 worms
  3 dart slugs
  3 leopard geckos
  19 orcs
  4 bats
  5 giant cockroaches
  10 goblins
  12 hobgoblins
  8 jackals
  8 quokkas
  4 ball pythons
  5 frilled lizards
  A jackal skeleton (D:4)
  8 kobolds
  A leopard gecko skeleton (D:4)
  4 quokka zombies
  5 rats
209 creatures vanquished.

Vanquished Creatures (others)
  A wyvern (D:7)
1 creature vanquished.

Grand Total: 210 creatures vanquished

Notes
Turn   | Place    | Note
-------+----------+-------------------------------------------
     0 | Abyss:1  | Gargoyl the Centaur Abyssal Knight began the quest for the
                  | Orb.
     0 | Abyss:1  | Reached XP level 1. HP: 19/19 MP: 2/2
    66 | Abyss:3  | Got a bloodstained ring mail
    81 | Abyss:3  | Identified the +5 ring mail "Bulamuvo" {MR++ Regen+ rCorr
                  | Slay-2} (You found it on level 3 of the Abyss)
    94 | Abyss:5  | Entered Level 5 of the Abyss
   142 | Abyss:5  | Noticed a starcursed mass
   145 | D:1      | Escaped the Abyss
   256 | D:1      | Reached XP level 2. HP: 26/26 MP: 3/3
   329 | D:1      | Reached * piety under Lugonu
   367 | D:1      | Reached skill level 1 in Dodging
   372 | D:1      | Reached skill level 2 in Axes
   819 | D:2      | Reached XP level 3. HP: 28/31 MP: 4/4
  1077 | D:2      | Noticed Sigmund
  1237 | D:2      | Killed Sigmund
  1237 | D:2      | Reached skill level 3 in Axes
  1237 | D:2      | Reached XP level 4. HP: 24/40 MP: 2/6
  1237 | D:2      | Reached XP level 5. HP: 27/46 MP: 2/7
  1334 | D:2      | Reached ** piety under Lugonu
  1439 | D:2      | Found a blossoming altar of Fedhas.
  1923 | D:3      | Found a white marble altar of Elyvilon.
  2185 | D:3      | Reached XP level 6. HP: 50/52 MP: 8/8
  2247 | D:3      | Found a runed translucent door.
  2248 | D:3      | Noticed Crazy Yiuf
  2262 | D:3      | Killed Crazy Yiuf
  2554 | D:4      | Upgraded the game from 0.25-a0-246-g58704a1ebd to
                  | 0.25-a0-248-g18654cfe15
  2568 | D:4      | Reached skill level 4 in Axes
  2568 | D:4      | Reached XP level 7. HP: 41/58 MP: 9/9
  2985 | D:4      | Reached *** piety under Lugonu
  3102 | D:5      | Entered Level 5 of the Dungeon
  3318 | D:5      | Gained mutation: Your flesh is cold resistant. (rC+)
                  | [potion of mutation]
  3318 | D:5      | Gained mutation: Your spells are a little easier to cast,
                  | but a little less powerful. [potion of mutation]
  3318 | D:5      | Gained mutation: You have a pair of small antennae on your
                  | head. [potion of mutation]
  3318 | D:5      | Gained mutation: You possess an exceptional clarity of
                  | mind. [potion of mutation]
  3354 | D:5      | Found a staircase to the Ecumenical Temple.
  3787 | D:6      | Got a shimmering leather armour
  3788 | D:6      | Identified the +2 leather armour "Siulaag" {+Fly rPois}
                  | (You found it on level 6 of the Dungeon)
  3819 | D:6      | Reached skill level 5 in Axes
  3898 | D:7      | Reached XP level 8. HP: 24/66 MP: 11/11
  5392 | D:7      | Noticed Menkaure
  5403 | D:7      | Killed Menkaure
  5403 | D:7      | Reached skill level 5 in Armour
  5742 | D:7      | Reached skill level 5 in Invocations
  5967 | D:7      | Reached XP level 9. HP: 60/72 MP: 12/12
  6222 | D:8      | Reached skill level 6 in Axes
  6748 | D:8      | Reached **** piety under Lugonu
  6798 | D:7      | HP: 2/72 [wyvern (6)]
  7668 | D:7      | Reached skill level 5 in Fighting
  8229 | D:8      | Found a sparkling altar of Nemelex Xobeh.
  8522 | D:9      | Noticed a death yak
  8523 | D:9      | Noticed a death yak
  8526 | D:9      | Noticed a death yak
  8584 | D:10     | Entered Level 10 of the Dungeon
  8716 | D:10     | Reached skill level 7 in Axes
  8723 | D:10     | Reached XP level 10. HP: 23/81 MP: 14/14
  9430 | D:9      | Found a staircase to the Lair.
 10207 | D:9      | Killed a death yak
 10549 | D:8      | Killed a death yak
 10770 | D:9      | Killed a death yak
 10770 | D:9      | Reached skill level 8 in Axes
 10770 | D:9      | Reached skill level 1 in Throwing
 11088 | D:9      | Lost mutation: You have a pair of small antennae on your
                  | head. [potion of mutation]
 11088 | D:9      | Lost mutation: You possess an exceptional clarity of mind.
                  | [potion of mutation]
 11088 | D:9      | Lost mutation: Your flesh is cold resistant. (rC+) [potion
                  | of mutation]
 11088 | D:9      | Gained mutation: You do not regenerate when monsters are
                  | visible. [potion of mutation]
 11088 | D:9      | Gained mutation: You are agile. (Dex +2) [potion of
                  | mutation]
 11225 | D:10     | Noticed Nergalle
 11567 | D:10     | Killed Nergalle
 11567 | D:10     | Reached skill level 5 in Dodging
 11588 | D:10     | Reached XP level 11. HP: 23/90 MP: 16/16
 11603 | D:10     | HP: 6/135 [poisoned by a killer bee]
 11605 | D:10     | HP: 2/90 [poisoned by a killer bee]
 11607 | D:10     | Succumbed to a killer bee's poison

Levels and vault maps discovered:
D:1:      nzn_arrival_depleted_hourglass, layout_rooms
D:2:      layout_rooms, kennysheep_minor_cross, fedhas_altar_4, uniq_sigmund
D:3:      layout_rooms, elyvilon_altar_1, uniq_crazy_yiuf_cottage
D:4:      minmay_opposing_rooms, layout_cave_pools, first_ration
D:5:      layout_rooms, minmay_temple_entry_trees
D:6:      layout_cave_pools
D:7:      layout_loops_cross, uniq_menkaure
D:8:      layout_rooms, minmay_misc_feat_tower, nemelex_dance_club_becter
D:9:      layout_rooms, dpeg_lair_monsters
D:10:     minmay_shrinking_squares, layout_basic, hangedman_ranch
          [blue_anna_fruit_fields], grunt_potential, uniq_nergalle

Skill      XL: |  1  2  3  4  5  6  7  8  9 10 |
---------------+-------------------------------+-----
Dodging        | 1 2 3 4 5 |  5.0
Axes           | 2 3 4 5 7 8 |  8.3
Armour         | 2 3 4 5 6 7 |  7.6
Invocations    | 3 4 5 6 7 |  7.2
Fighting       | 4 5 6 |  6.3
Throwing       | 1 |  1.0
Evocations     | |  0.4

Action                   |  1- 3 |  4- 6 |  7- 9 | 10-12 || total
-------------------------+-------+-------+-------+-------++-------
Melee: Hand axe          |   140 |   175 |   575 |       ||   890
       Kick              |    22 |    24 |   140 |    40 ||   226
       Broad axe         |       |       |    38 |   185 ||   223
Throw: Boomerang         |       |     2 |     1 |     2 ||     5
       Javelin           |       |       |       |     2 ||     2
Invok: Depart the Abyss  |     1 |       |       |       ||     1
       Bend Space        |       |       |     2 |       ||     2
       Banish            |       |       |     1 |       ||     1
 Abil: Evoke Berserk Rag |       |       |     1 |     1 ||     2
Evoke: Wand              |       |     2 |     6 |       ||     8
  Use: Scroll            |     5 |     2 |    18 |     4 ||    29
       Potion            |     2 |       |     4 |     2 ||     8
  Eat: Chunk             |       |     4 |    13 |     3 ||    20
       Ration            |       |       |     9 |     1 ||    10
Armor: Ring mail         |    93 |    98 |   126 |       ||   317
       Plate armour      |       |       |   431 |   240 ||   671
Dodge: Dodged            |    85 |    76 |   179 |    64 ||   404

Table legend:
 A = Non-vault XP
 B = Vault XP
 C = Vault XP percentage of total XP
 D = Non-vault monster count
 E = Vault monster count
 F = Vault count percentage of total count
                 A         B        C        D         E       F
            +---------+---------+-------+---------+---------+-------
      Total |    6497 |    4567 |  41.3 |     184 |      26 |  12.4
            +---------+---------+-------+---------+---------+-------
        D:1 |      33 |       0 |   0.0 |      21 |       0 |   0.0
        D:2 |      73 |     220 |  75.1 |      28 |       1 |   3.4
        D:3 |      57 |      41 |  41.8 |      17 |       1 |   5.6
        D:4 |     336 |     130 |  27.9 |      13 |       9 |  40.9
        D:5 |     525 |       0 |   0.0 |      14 |       0 |   0.0
        D:6 |     271 |       0 |   0.0 |      10 |       0 |   0.0
        D:7 |    1573 |     169 |   9.7 |      32 |       1 |   3.0
        D:8 |    1176 |     986 |  45.6 |      25 |       3 |  10.7
        D:9 |     634 |    1845 |  74.4 |       7 |       8 |  53.3
       D:10 |    1819 |    1176 |  39.3 |      17 |       3 |  15.0
            +---------+---------+-------+---------+---------+-------
